 Dungeon Crawl Stone Soup version 0.28.0-45-g0d030f2227 (webtiles) character file.

Game seed: 12391593815188098642

35 101zpm the Magician (level 3, -1/25 HPs)
             Began as a Djinni Ice Elementalist on Apr 17, 2022.
             Slain by an ogre
             ... wielding a +0 giant spiked club
              (15 damage)
             ... on level 4 of the Dungeon.
             The game lasted 00:03:10 (1514 turns).

101zpm the Magician (Djinni Ice Elementalist)       Turns: 1514, Time: 00:03:10

Health: -1/25      AC:  8    Str:  7    XL:     3   Next: 52%
Gold:   62         EV: 12    Int: 18    God:
                   SH:  0    Dex: 13

rFire   + + .      SeeInvis .   (no weapon)
rCold   x . .      Faith    .   (no shield)
rNeg    . . .      Spirit   .   a - +0 robe
rPois   ∞          Reflect  .   (no helmet)
rElec   .          Harm     .   (no cloak)
rCorr   .          Rampage  .   (no gloves)
Will    .....                   (boots unavailable)
Stlth   ++........              (no amulet)
HPRegen 0.08/turn               (no ring)
MPRegen 0.00/turn               (no ring)

@: ice-armoured, freezing walls, flying
A: sickness immunity, fire resistance 2, cold vulnerability 1, float, innate
caster, HP casting, extra vitality 1
a: no special abilities


You were on level 4 of the Dungeon.
You visited 1 branch of the dungeon, and saw 4 of its levels.

You collected 62 gold pieces.

Inventory:

Missiles
 c - 52 stones
Armour
 a - a +0 robe (worn)
Jewellery
 e - a +4 ring of slaying
 f - a ring of see invisible
Scrolls
 b - a scroll of teleportation {unknown}
 d - a scroll of identify {unknown}
Potions
 g - a potion of might {unknown}
 h - a potion of resistance {unknown}


   Skills:
 + Level 0.1 Fighting
 + Level 2.2 Dodging
 + Level 1.6 Stealth
 + Level 4.0 Spellcasting


You couldn't memorise any spells.
You knew the following spells:

 Your Spells              Type           Power      Damage    Failure   Level
a - Freeze                Ice            72%        1d9       2%          1
b - Frozen Ramparts       Ice            36%        1d5       9%          3
c - Ozocubu's Armour      Ice            18%        N/A       9%          3
d - Hailstorm             Conj/Ice       18%        3d6       28%         4
e - Slow                  Hex            72%        N/A       2%          1
Your spell library was empty.

Dungeon Overview and Level Annotations

Branches:
Dungeon (4/15)
 Temple: D:4-7

Altars:

Annotations:
D:3 Sigmund


Innate Abilities, Weirdness & Mutations

You are immune to sickness and miasma.
You are immune to poison.
Your flesh is very heat resistant. (rF++)
You are vulnerable to cold. (rC-)
You float through the air rather than walking.
You learn spells naturally, not from books.
Your magical power is your life essence.
You have superior vitality. (+4 MHP)


Message History

A dart slug comes into view.
A dart slug is nearby!
A dart slug is nearby!
You see here a scroll labelled TOUBEA VENI.
Found a stone staircase leading up.
An ogre comes into view. It is wielding a +0 giant spiked club.
The ogre shouts!
The dart slug launches a dart at you. The slug dart misses you.
A centaur skeleton comes into view.
You see here a scroll labelled TOUBEA VENI.
The dart slug launches a dart at you. The slug dart hits you.
Casting: Freeze (safe; 2% risk of failure)
Confirm with . or Enter, or press ? or * to list all spells.
The spell is quite dangerous to miscast (9% risk of failure)!
Continue anyway?
Casting: Frozen Ramparts (quite dangerous; 9% risk of failure)
Press: ? - help, Dir - look around, f - activate The walls around you are covered in ice.
Casting: Frozen Ramparts (quite dangerous; 9% risk of failure)
Confirm with . or Enter, or press ? or * to list all spells.
The spell is quite dangerous to miscast (9% risk of failure)!
Continue anyway?
A film of ice covers your body!
The wall freezes the ogre.
The wall freezes the ogre.
Aiming: Freeze (safe; 2% risk of failure)
Press: ? - help, Q - select action, (/) - cycle Shift-Dir - straight line, f - ogre
Aim: an ogre, wielding a +0 giant spiked club (moderately wounded)
You freeze the ogre.
The ogre is heavily wounded.
The wall freezes the ogre.
The ogre barely misses you.
Aiming: Freeze (safe; 2% risk of failure)
Press: ? - help, Q - select action, (/) - cycle Shift-Dir - straight line, f/p - ogre
Aim: an ogre, wielding a +0 giant spiked club (severely wounded)
You freeze the ogre.
The ogre is severely wounded.
The wall freezes the dart slug!
The wall freezes the ogre.
The ogre hits you with a +0 giant spiked club!
Ouch! That really hurt!
You die...

#.# ## ####.##.# #. .......<#
#. #.......# #. .###.##.# #>
#. #.# #. . #.# ####. ##
#####.# #.... .. ..##@# #.##.
.. #.##O# #.##. ##. #.##w#
#.##.
#.#...###.##.############.##.
.<......w.?...............##.
#.#...##O..#.................
#.. #.##...####.#####.#####
... ... ##..# #.# #.# ...
###. #..# #.# #.#


You could see an ogre and a dart slug.

Vanquished Creatures
  An adder (D:3)
  3 ball pythons (D:3)
  A bat (D:3)
  An endoplasm (D:4)
  6 hobgoblins
  3 jackals (D:4)
  3 goblins (D:2)
  2 kobolds (D:3)
  A rat (D:2)
21 creatures vanquished.

Notes
Turn   | Place    | Note
-------+----------+-------------------------------------------
     0 | D:1      | 101zpm the Djinni Ice Elementalist began the quest for the
                  | Orb.
     0 | D:1      | Reached XP level 1. HP: 15/15 MP: 0/0
   389 | D:2      | Reached XP level 2. HP: 18/21 MP: 0/0
   726 | D:3      | Reached XP level 3. HP: 18/25 MP: 0/0
   726 | D:3      | Learned a level 1 spell: Slow
  1105 | D:3      | Reached skill level 4 in Spellcasting
  1166 | D:3      | Noticed Sigmund
  1500 | D:4      | Noticed an ogre
  1514 | D:4      | Slain by an ogre

Illustrated notes

Levels and vault maps discovered:
D:1:      tarquinn_simple_flora_water_b, layout_basic,
          hellmonk_ecumenical_altar_zigzags
D:2:      layout_loops_ring, amcnicky_mini_rare_corridor_liquid
D:3:      layout_basic, wad_floor_pattern_untrapped, uniq_sigmund
D:4:      layout_loops_ring, nrook_campfire, bh_walls_and_bars, uniq_ijyb,
          uniq_duvessa, uniq_robin, uniq_crazy_yiuf_cottage

Skill      XL: |  1  2  3 |
---------------+----------+-----
Spellcasting   | 4 |  4.0
Fighting       | |  0.1
Dodging        | |  2.2
Stealth        | |  1.6

Action                   || total
-------------------------++-------
Melee: Unarmed           ||     1
 Cast: Freeze            ||    29
       Frozen Ramparts   ||     4
       Ozocubu's Armour  ||     1
Armor: Robe              ||     4
Dodge: Dodged            ||     9
